Map: Zielone pola

Players

cbc - Winner!

  • Race: Protoss Protoss
  • Spawn Location: 3:00

Cozias - Winner!

  • Race: Protoss Protoss
  • Spawn Location: 12:00

chessmaster - Winner!

  • Race: Zerg Zerg
  • Spawn Location: 1:00

Lunatik

  • Race: Protoss Protoss
  • League: Silver
  • Spawn Location: 6:00

Gracz

  • Race: Terran Terran
  • Spawn Location: 9:00

Raymond

  • Race: Protoss Protoss
  • Spawn Location: 7:00

VOD

Have the link to the VOD?

Description

Time

  • Played on: Feb. 9, 2016, 7:16 p.m.
  • Length: 8:31
Show
View Real Time Build Order
Export as new Build Order

cbc Protoss - Winner!

Build Orders:  

Get SALT Encoding   

  12  0:10  Pylon  
  12  0:14  Probe (Chrono Boost)  
  13  0:30  Gateway  
  13  0:34  Probe (Chrono Boost)  
  14  0:44  Assimilator, Probe (Chrono Boost)  
  15  0:51  Assimilator  
  15  1:00  Pylon  
  15  1:17  Probe (Chrono Boost)  
  16  1:20  Cybernetics Core  
  16  1:28  Probe (Chrono Boost)  
  17  1:38  Probe (Chrono Boost)  
  18  1:49  Probe (Chrono Boost)  
  19  2:00  Mothership Core (Chrono Boost)  
  21  2:02  Stalker  
  23  2:32  Stalker  
  25  2:39  Pylon  
  25  2:47  Pylon  
  25  3:02  Stalker  
  27  3:17  Nexus  
  28  3:27  Probe (Chrono Boost)  
  28  3:37  Probe (Chrono Boost)  
  29  3:47  Warp Gate  
  29  3:48  Probe (Chrono Boost)  
  30  3:57  Pylon  
  30  3:58  Probe (Chrono Boost)  
  31  4:09  Probe (Chrono Boost)  
  32  4:33  Gateway  
  32  4:36  Probe (Chrono Boost)  
  33  4:41  Probe (Chrono Boost)  
  34  4:46  Probe (Chrono Boost)  
  34  4:50  Gateway  
  34  4:52  Probe (Chrono Boost)  
  36  4:57  Probe (Chrono Boost)  
  37  5:00  Gateway  
  37  5:03  Probe (Chrono Boost)  
  37  5:04  Pylon  
  38  5:07  Probe (Chrono Boost)  
  38  5:13  Probe (Chrono Boost)  
  40  5:18  Probe (Chrono Boost)  
  41  5:24  Probe (Chrono Boost)  
Show
View Real Time Build Order
Export as new Build Order

Cozias Protoss - Winner!

Build Orders: Oracle Opening 

Get SALT Encoding   

  12  0:04  Probe (Chrono Boost)  
  13  0:14  Probe (Chrono Boost)  
  13  0:19  Pylon  
  14  0:25  Probe (Chrono Boost)  
  15  0:31  Assimilator  
  15  0:37  Probe (Chrono Boost)  
  16  0:48  Probe (Chrono Boost)  
  17  0:50  Gateway  
  17  0:58  Probe (Chrono Boost)  
  17  1:00  Assimilator  
  18  1:09  Probe (Chrono Boost)  
  19  1:14  Pylon  
  19  1:19  Probe (Chrono Boost)  
  20  1:31  Probe (Chrono Boost)  
  21  1:38  Cybernetics Core  
  21  1:42  Probe (Chrono Boost)  
  22  2:03  Nexus  
  22  2:17  Stargate  
  22  2:19  Warp Gate  
  22  2:22  Mothership Core (Chrono Boost)  
  24  2:33  Stalker  
  26  2:41  Pylon  
  26  2:53  Probe (Chrono Boost)  
  27  3:00  Oracle  
  27  3:04  Probe (Chrono Boost)  
  31  3:16  Forge  
  31  3:19  Probe x2 (Chrono Boost)  
  33  3:21  Pylon  
  33  3:29  Probe x2 (Chrono Boost)  
  33  3:32  Stalker  
  37  3:39  Pylon  
  37  3:45  Oracle  
  40  3:48  Probe (Chrono Boost)  
  40  3:50  Probe (Chrono Boost)  
  42  4:16  Probe x2 (Chrono Boost)  
  44  4:18  Assimilator  
  44  4:21  Oracle  
  44  4:22  Assimilator  
  47  4:25  Gateway  
  47  4:26  Probe x2 (Chrono Boost)  
  49  4:35  Protoss Ground Weapons Level 1  
  49  4:37  Probe x2 (Chrono Boost)  
  51  4:45  Pylon  
  51  4:47  Probe (Chrono Boost)  
  51  4:50  Probe (Chrono Boost)  
  53  4:58  Probe (Chrono Boost)  
  54  5:01  Probe (Chrono Boost)  
  55  5:08  Probe (Chrono Boost)  
  55  5:11  Probe (Chrono Boost)  
  57  5:14  Gateway  
  57  5:19  Probe (Chrono Boost)  
  58  5:22  Probe (Chrono Boost)  
  58  5:25  Photon Cannon  
  58  5:26  Photon Cannon  
  59  5:30  Gateway  
  59  5:32  Gateway  
  59  5:34  Gateway  
  59  5:36  Gateway  
  59  5:42  Pylon  
  59  5:49  Stalker x2  
  63  5:58  Pylon  
  63  5:59  Void Ray  
  67  6:12  Stargate  
  67  6:17  Protoss Air Weapons Level 1 (Chrono Boost)  
  67  6:24  Pylon  
  67  6:30  Pylon  
  67  6:42  Void Ray (Chrono Boost)  
  71  6:53  Void Ray (Chrono Boost)  
  75  7:22  Void Ray  
  75  7:27  Void Ray  
Show
View Real Time Build Order
Export as new Build Order

chessmaster Zerg - Winner!

Build Orders: Hatch First 

Get SALT Encoding   

  12  0:02  Drone  
  13  0:12  Drone  
  14  0:40  Drone, Hatchery  
  14  0:46  Overlord  
  14  1:07  Spawning Pool  
  14  1:08  Drone  
  14  1:17  Drone x2  
  16  1:21  Drone  
  17  1:27  Extractor  
  17  1:30  Extractor  
  15  1:34  Drone  
  16  1:42  Drone  
  17  1:53  Drone  
  17  1:54  Drone  
  19  1:55  Queen  
  21  2:02  Drone  
  21  2:08  Drone  
  23  2:12  Metabolic Boost  
  23  2:31  Zergling x2  
  23  2:32  Zergling x6  
  23  2:34  Drone  
  28  2:46  Overlord x2  
  28  3:01  Spine Crawler  
  28  3:02  Zergling x2  
  28  3:08  Zergling x6  
  31  3:15  Zergling x4  
  31  3:19  Zergling x2  
  34  3:23  Drone  
  34  3:27  Zergling x2  
  36  3:35  Zergling x4  
  36  3:40  Zergling x4  
  37  3:49  Zergling x2  
  37  3:52  Zergling x2  
  39  4:00  Zergling x2  
  40  4:04  Zergling x2  
  40  4:06  Queen  
  43  4:13  Overlord  
  43  4:27  Overlord x2  
  41  4:40  Spore Crawler  
  41  4:43  Spore Crawler  
  39  4:47  Zergling x6  
  39  4:48  Zergling x2  
  43  4:59  Drone x3  
  46  5:09  Zergling x4  
  49  5:14  Zergling x2  
  49  5:20  Drone  
  50  5:23  Zergling x2  
  51  5:39  Zergling x4  
  53  5:44  Overlord  
  53  5:45  Zergling x2  
  53  5:47  Queen  
  55  5:57  Zergling x2  
  55  5:58  Zergling x2  
  57  6:04  Zergling x2  
  57  6:08  Zergling x2  
  58  6:19  Zergling x2  
  58  6:20  Zergling x2  
  59  6:26  Zergling x2  
  59  6:27  Zergling x2  
  60  6:37  Zergling x2  
  60  6:41  Zergling x2  
  60  6:50  Zergling x2  
  60  6:51  Zergling x2  
  62  7:14  Lair  
  62  7:20  Roach Warren  
  62  7:21  Baneling Nest, Drone  
  62  7:22  Drone x5  
  66  7:46  Evolution Chamber  
  65  7:55  Hatchery  
  64  8:03  Drone x4  
  64  8:04  Drone x6  
  74  8:24  Spire  
  73  8:27  Hatchery  
  73  8:28  Evolution Chamber  
Show
View Real Time Build Order
Export as new Build Order

Lunatik Protoss 

Build Orders:  

Get SALT Encoding   

  12  0:01  Probe (Chrono Boost)  
  13  0:12  Probe (Chrono Boost)  
  14  0:22  Pylon  
  14  0:23  Probe (Chrono Boost)  
  15  0:40  Probe (Chrono Boost)  
  15  0:42  Gateway  
  16  0:48  Assimilator  
  16  0:51  Probe (Chrono Boost)  
  17  1:01  Probe (Chrono Boost)  
  18  1:12  Probe (Chrono Boost)  
  18  1:14  Assimilator  
  18  1:18  Pylon  
  19  1:23  Probe (Chrono Boost)  
  20  1:31  Zealot  
  22  1:33  Probe (Chrono Boost)  
  22  1:37  Cybernetics Core  
  23  1:44  Probe (Chrono Boost)  
  24  1:52  Pylon  
  24  1:54  Probe (Chrono Boost)  
  25  2:05  Probe (Chrono Boost)  
  26  2:14  Warp Gate (Chrono Boost)  
  26  2:17  Mothership Core  
  28  2:29  Nexus  
  28  2:35  Pylon  
  28  2:38  Probe  
  29  2:53  Robotics Facility  
  29  2:57  Probe  
  30  3:00  Zealot  
  32  3:24  Gateway  
  32  3:27  Assimilator, Zealot  
Show
View Real Time Build Order
Export as new Build Order

Gracz Terran 

Build Orders:  

Get SALT Encoding   

  12  0:05  SCV  
  13  0:19  SCV  
  14  0:33  Supply Depot  
  14  1:05  Barracks  
  14  1:37  SCV  
  15  2:08  Engineering Bay  
  15  2:25  Command Center  
  15  2:32  SCV  
  16  2:41  Refinery  
  16  2:43  Refinery  
  16  2:44  SCV  
  16  2:45  Supply Depot  
  17  3:04  Barracks  
  17  3:07  Barracks  
  12  3:59  Missile Turret  
  2  7:08  Marine x2  
  2  7:09  Marine  
  5  7:17  Supply Depot  
  5  7:24  Supply Depot  
  5  7:26  Marine x3  
  4  7:44  Marine x2  
  3  8:02  Marine  
Show
View Real Time Build Order
Export as new Build Order

Raymond Protoss 

Build Orders:  

Get SALT Encoding   

  12  0:02  Probe (Chrono Boost)  
  13  0:25  Pylon  
  13  0:30  Pylon  
  13  0:42  Probe (Chrono Boost)  
  14  0:50  Gateway  
  14  0:55  Gateway  
  14  0:59  Probe (Chrono Boost)  
  15  1:04  Assimilator  
  15  1:11  Assimilator  
  15  1:17  Probe (Chrono Boost)  
  16  1:35  Probe (Chrono Boost)  
  17  1:43  Cybernetics Core  
  17  1:45  Probe (Chrono Boost)  
  18  1:52  Cybernetics Core  
  18  1:56  Probe (Chrono Boost)  
  18  1:58  Pylon  
  19  2:08  Pylon  
  19  2:16  Probe (Chrono Boost)  
  20  2:23  Zealot  
  20  2:27  Probe (Chrono Boost)  
  23  2:31  Zealot  
  25  2:50  Zealot  
  27  3:03  Pylon  
  27  3:10  Stargate  
  27  3:18  Pylon  
  27  3:30  Probe (Chrono Boost)  
  28  3:40  Probe (Chrono Boost)  
  29  3:47  Stargate  
  29  4:02  Pylon  
  29  4:23  Fleet Beacon  
Tags
 
Add a new tag
Caveats
  • Supply blocks, unpowered buildings, or Contaminate may cause inaccurate times.
  • Supply counts are checked every 10 seconds.